 Dungeon Crawl Stone Soup version 0.24-a0-474-g47c397e050 (webtiles) character file.

Game seed: 2962822524759957656

19594 Peloso the Carver (level 12, -1/105 HPs)
             Began as a Minotaur Fighter on July 5, 2019.
             Was the Champion of Okawaru.
             Killed by mirror damage (10 damage)
             ... on level 11 of the Dungeon.
             The game lasted 00:30:07 (13166 turns).

Peloso the Carver (Minotaur Fighter)               Turns: 13166, Time: 00:30:07

Health: -1/105     AC: 23    Str: 24    XL:     12   Next: 37%
Magic:  10/12      EV: 14    Int:  8    God:    Okawaru [******]
Gold:   691        SH: 15    Dex: 12    Spells: 11/11 levels left

rFire    + . .     SeeInvis .   a - +1 double sword (slice)
rCold    . . .     Gourm    .   c - +0 shield
rNeg     + . .     Faith    .   K - +2 chain mail {rN+}
rPois    +         Spirit   .   m - +0 hat {Int+3}
rElec    .         Reflect  .   (no cloak)
rCorr    .         Harm     .   v - +2 pair of gloves
MR       .....                  j - +2 pair of boots {Stlth+}
Stlth    +.........             H - amulet of rage
HPRegen  0.27/turn              e - ring of protection from fire
MPRegen  0.13/turn              y - ring of poison resistance

@: heroism, very slightly contaminated
A: retaliatory headbutt, horns 2
a: Heroism, Finesse, Renounce Religion, Evoke Berserk Rage


You were on level 11 of the Dungeon.
You worshipped Okawaru.
Okawaru was exalted by your worship.
You were not hungry.

You visited 2 branches of the dungeon, and saw 13 of its levels.
You visited the Abyss 1 time.
You also visited: Sewer.

You collected 848 gold pieces.
You spent 157 gold pieces at shops.

Inventory:

Hand Weapons
 a - a +1 double sword of slicing (weapon)
 b - a +1 scimitar of flaming
Armour
 c - a +0 shield (worn)
 j - a +2 pair of boots of stealth (worn)
 k - a +0 pair of boots
 m - a +0 hat of intelligence (worn)
 p - a +0 chain mail
 v - a +2 pair of gloves (worn)
 K - a +2 chain mail of positive energy (worn)
Jewellery
 e - a ring of protection from fire (left hand)
 n - an uncursed ring of protection from fire
 y - a ring of poison resistance (right hand)
 C - an uncursed ring of protection from fire
 H - an amulet of rage (around neck)
 L - an uncursed ring of protection from cold
Wands
 z - a wand of digging (2)
 E - a wand of enslavement (7)
 G - a wand of acid (11)
 J - a wand of iceblast (15)
 N - a wand of clouds (7)
Scrolls
 g - 2 scrolls of magic mapping
 h - a scroll of identify
 o - 4 scrolls of amnesia
 q - a scroll of remove curse
 t - 2 scrolls of enchant armour
 u - 2 scrolls of enchant weapon
 A - a scroll of blinking
 D - 3 scrolls of teleportation
Potions
 d - a potion of flight
 i - 6 potions of heal wounds
 l - a potion of cancellation
 r - a potion of haste
 s - 4 potions of curing
 w - a potion of mutation
 x - 2 potions of ambrosia
 B - a potion of magic
 F - a potion of resistance
 I - 2 potions of might
Comestibles
 f - 18 rations
 M - a chunk of flesh


   Skills:
 + Level 9.4(14.4) Fighting
 + Level 13.7(18.7) Long Blades
 + Level 11.5(16.5) Armour
 + Level 5.0(10.0) Dodging
 + Level 0.9(5.9) Stealth
 + Level 13.4(18.4) Shields
 + Level 1.3 Invocations
 + Level 0.4 Evocations


You had 11 spell levels left.
You didn't know any spells.
Your spell library contained the following spells:

 Spells                   Type           Power        Failure   Level  Hunger
 Confusing Touch          Hex            #.....       86%         1    ##.....
 Magic Dart               Conj           #...         86%         1    ##.....
 Shock                    Conj/Air       #...         86%         1    ##.....
 Blink                    Tloc           N/A          95%         2    ###....
 Call Imp                 Summ           #.......     95%         2    ###....
 Ensorcelled Hibernation  Hex/Ice        #.....       95%         2    ###....
 Slow                     Hex            #.......     95%         2    ###....
 Swiftness                Chrm/Air       #.......     95%         2    ###....
 Confuse                  Hex            #.......     99%         3    ####...
 Conjure Flame            Conj/Fire      #.......     99%         3    ####...
 Gell's Gravitas          Tloc           #.........   99%         3    ####...
 Mephitic Cloud           Conj/Pois/Air  #.......     99%         3    ####...
 Static Discharge         Conj/Air       #.......     99%         3    ####...
 Airstrike                Air            #.........   100%        4    #####..
 Petrify                  Tmut/Erth      #.......     100%        4    #####..
 Borgnjor's Vile Clutch   Necr/Erth      #.........   100%        5    ######.
 Lightning Bolt           Conj/Air       #.........   100%        5    ######.
 Metabolic Englaciation   Hex/Ice        #.........   100%        5    ######.
 Silence                  Hex/Air        #.........   100%        5    ######.
 Yara's Violent Unravell  Hex/Tmut       #.........   100%        5    ######.
 Darkness                 Hex            #.........   100%        6    #######
 Shadow Creatures         Summ           N/A          100%        6    #######


Dungeon Overview and Level Annotations

Branches:
Dungeon (12/15)            Temple (1/1) D:6            Lair (0/6) D:11
    Orc (0/2) D:11

Altars:
Ashenzari
Cheibriados
Dithmenos
Elyvilon
Gozag
Hepliaklqana
Kikubaaqudgha
Makhleb
Nemelex Xobeh
Okawaru
Qazlal
Ru
Uskayaw
Xom
Yredelemnul
Zin
The Shining One

Shops:
D:4 [   D:7 [[*   D:10 :

Annotations:
D:7 3 runed translucent doors, shruggingcutely's ghost, novice DEVM
D:11 exclusion: 2 oklob plants


Innate Abilities, Weirdness & Mutations

You reflexively headbutt those who attack you in melee.
You have a pair of horns on your head.


Message History

You closely miss the death knight.
The death knight is moderately wounded.
You slash the death knight! Your headbutt misses the death knight.
The death knight is moderately wounded.
The death knight offers itself to Yredelemnul, and fills with unholy energy.
You slash the death knight! You headbutt the death knight.
The death knight is heavily wounded.
The death knight reflects your damage back at you!
* * * LOW HITPOINT WARNING * * *
You block the death knight's attack.
You closely miss the death knight.
The death knight is heavily wounded.
You hit the death knight.
The death knight is severely wounded.
The death knight reflects your damage back at you!
You block the death knight's attack.
You slash the death knight!
The death knight is severely wounded.
The death knight reflects your damage back at you!
You die...

######.###.......#
#... #.##
##......#### #...
##.# ##..())#..#####
##... #..#
#............##
#.... ####.##
##..(.........#
#.... ......###
#(.(.........# #....
..).....##
##((.........##
#.... .........##
##(..........# #....
..........#
##(@p........# #....
..........##
#()[.........###....
...........#
#..(.........##....#
..........##
###(.[......####.###
.........##
##.......## ###
........## ##....###
##.....## ######
#######


You could see a death knight.

Vanquished Creatures
  Gastronok (D:8)
  Snorg (D:10)
  Erolcha (D:10)
  Harold (D:12)
  A two-headed ogre (D:9)
  Erica (D:12)
  A deep elf knight (D:12)
  2 wizards (D:11)
  4 ugly things (D:11)
  Joseph (D:11)
  2 trolls
  2 hornets
  Prince Ribbit (D:8)
  A hippogriff (D:8)
  A centaur simulacrum (D:12)
  A spriggan (D:10)
  2 wraiths
  5 yaks (D:12)
  A human (D:11)
  2 wyverns
  Edmund (D:4)
  A hungry ghost (D:11)
  A warg (D:11)
  An acid dragon (D:12)
  5 orc warriors
  2 water moccasins
  4 ice beasts
  3 black bears
  2 phantoms
  4 sky beasts
  7 ogres
  11 centaurs
  A crocodile (Sewer)
  2 big kobolds
  5 bullfrogs
  2 gnoll sergeants
  A water moccasin zombie (D:5)
  A wyvern skeleton (D:10)
  A scorpion (D:5)
  10 killer bees
  A howler monkey (D:6)
  13 wights
  An electric eel (D:10)
  6 crimson imps
  2 bullfrog zombies (D:12)
  A centaur skeleton (D:4)
  9 orc priests
  3 jellies
  9 hounds
  8 orc wizards
  A gnoll shaman (D:5)
  3 bullfrog skeletons
  3 iguanas
  Natasha (thrice) (D:3)
  14 worker ants
  Terence (D:3)
  A killer bee zombie (D:9)
  A hound zombie (D:6)
  2 hound skeletons
  2 worker ant zombies
  20 gnolls
  13 adders
  2 river rats (D:5)
  3 shadow imps
  An ooze (D:1)
  2 adder skeletons
  3 worms
  A dart slug (D:1)
  5 leopard geckos
  36 orcs
  4 giant cockroaches
  23 hobgoblins
  3 jackals (D:6)
  3 quokkas
  2 ball pythons
  8 bats
  6 frilled lizards
  33 goblins
  A goblin skeleton (D:4)
  A goblin zombie (D:4)
  A hobgoblin zombie (D:4)
  21 kobolds
  A leopard gecko skeleton (D:6)
  3 orc skeletons (D:4)
  A quokka skeleton (D:5)
  8 rats
386 creatures vanquished.

Notes
Turn   | Place    | Note
-------+----------+-------------------------------------------
     0 | D:1      | Peloso the Minotaur Fighter began the quest for the Orb.
     0 | D:1      | Reached XP level 1. HP: 19/19 MP: 0/0
   326 | D:1      | Reached XP level 2. HP: 27/27 MP: 1/1
   590 | D:2      | Reached XP level 3. HP: 11/33 MP: 2/2
   857 | D:2      | Reached XP level 4. HP: 41/41 MP: 3/3
  1106 | D:3      | Noticed Natasha
  1115 | D:3      | Killed Natasha
  1147 | D:3      | Noticed Natasha
  1159 | D:3      | Killed Natasha
  1469 | D:3      | Reached XP level 5. HP: 47/47 MP: 4/4
  1489 | D:2      | Found a stormy altar of Qazlal.
  1526 | D:3      | Noticed Natasha
  1536 | D:3      | Killed Natasha
  1600 | D:3      | Reached skill level 5 in Shields
  1631 | D:3      | Reached skill level 1 in Dodging
  1954 | D:3      | Noticed Terence
  1960 | D:3      | Killed Terence
  2200 | D:3      | Reached XP level 6. HP: 43/55 MP: 5/5
  2297 | D:3      | Reached skill level 5 in Fighting
  2297 | D:3      | Reached skill level 5 in Long Blades
  2297 | D:3      | Reached skill level 5 in Armour
  2704 | D:4      | Reached XP level 7. HP: 29/61 MP: 6/6
  2735 | D:4      | Noticed Edmund
  2760 | D:4      | Killed Edmund
  2858 | D:4      | Found Woforch's Armour Emporium.
  3405 | D:4      | Found a glowing golden altar of the Shining One.
  3564 | D:5      | Entered Level 5 of the Dungeon
  3695 | D:5      | Found a stormy altar of Qazlal.
  3745 | D:5      | Reached XP level 8. HP: 63/69 MP: 7/7
  3786 | D:5      | Found a glowing drain.
  3790 | Sewer    | Entered a sewer
  4715 | D:6      | Found an opulent altar of Gozag.
  4715 | D:6      | Found a snail-covered altar of Cheibriados.
  4925 | D:6      | Reached XP level 9. HP: 54/77 MP: 8/8
  5044 | D:6      | Found a staircase to the Ecumenical Temple.
  5439 | Temple   | Entered the Ecumenical Temple
  5499 | Temple   | Became a worshipper of Warmaster Okawaru
  6481 | D:7      | Found Ugitek's Armour Boutique.
  6743 | D:7      | Found a hazy altar of Hepliaklqana.
  6876 | D:7      | Found Lodal's General Store.
  6880 | D:7      | Bought a scroll of teleportation for 45 gold pieces
  6880 | D:7      | Bought a scroll of enchant weapon for 112 gold pieces
  6933 | D:7      | Noticed shruggingcutely's ghost (novice DEVM)
  6944 | D:7      | Found a runed translucent gate.
  6944 | D:7      | Found a runed translucent gate.
  6944 | D:7      | Found a runed translucent gate.
  6952 | D:7      | Reached * piety under Okawaru
  6987 | D:7      | Found Qiustr Qofics's Antique Armour Boutique.
  7482 | D:8      | Noticed a troll
  7491 | D:8      | Killed a troll
  7857 | D:8      | Noticed Prince Ribbit
  7865 | D:8      | Killed Prince Ribbit
  7865 | D:8      | Reached ** piety under Okawaru
  7865 | D:8      | Reached skill level 10 in Shields
  7865 | D:8      | Reached XP level 10. HP: 81/84 MP: 7/9
  8052 | D:8      | Reached skill level 10 in Long Blades
  8100 | D:8      | Noticed Gastronok
  8129 | D:8      | Killed Gastronok
  8129 | D:8      | Reached *** piety under Okawaru
  8129 | D:8      | Reached **** piety under Okawaru
  8308 | D:8      | Found a burning altar of Makhleb.
  8445 | D:8      | Noticed a cacodemon
  8769 | D:9      | Noticed a two-headed ogre
  8781 | D:9      | Killed a two-headed ogre
  9250 | D:9      | Reached skill level 10 in Armour
  9445 | D:9      | Reached ***** piety under Okawaru
  9445 | D:9      | Reached XP level 11. HP: 73/94 MP: 10/10
  9790 | D:10     | Entered Level 10 of the Dungeon
  9869 | D:10     | Noticed Erolcha
  9895 | D:10     | Paralysed by Erolcha for 2 turns
  9897 | D:10     | Killed Erolcha
 10047 | D:10     | Noticed Snorg
 10068 | D:10     | Killed Snorg
 10068 | D:10     | Reached skill level 1 in Invocations
 10130 | D:10     | Found Puur's Book Shop.
 10878 | D:10     | Found a glowing silver altar of Zin.
 11142 | D:11     | Noticed a green ugly thing
 11157 | D:11     | Killed a green ugly thing
 11211 | D:11     | Noticed an oklob plant
 11386 | D:11     | Noticed a white ugly thing
 11386 | D:11     | Noticed a cyan ugly thing
 11397 | D:11     | Killed a cyan ugly thing
 11399 | D:11     | Killed a cyan ugly thing
 11544 | D:11     | Found a staircase to the Lair.
 11544 | D:11     | Noticed an oklob plant
 11591 | D:11     | Found a staircase to the Orcish Mines.
 11661 | D:11     | Reached ****** piety under Okawaru
 12167 | D:12     | Noticed a deep elf knight
 12167 | D:12     | Noticed Harold
 12167 | D:12     | Noticed a +5 long sword
 12167 | D:12     | Noticed Joseph
 12167 | D:12     | Noticed a wizard
 12167 | D:12     | Noticed a wizard
 12174 | D:12     | Received a gift from Okawaru
 12183 | D:11     | Killed a wizard
 12197 | D:11     | Cast into level 2 of the Abyss (a wizard)
 12259 | Abyss:2  | Found a corrupted altar of Lugonu.
 12266 | D:11     | Escaped the Abyss
 12284 | D:11     | Killed a wizard
 12305 | D:11     | Killed Joseph
 12305 | D:11     | Reached XP level 12. HP: 44/104 MP: 11/11
 12549 | D:12     | Killed Harold
 12558 | D:12     | Noticed Erica
 12934 | D:12     | Killed Erica
 12934 | D:12     | Received a gift from Okawaru
 13125 | D:12     | Noticed a death knight
 13127 | D:12     | Reached skill level 5 in Dodging
 13166 | D:11     | Killed by mirror damage

Levels and vault maps discovered:
D:1:      ebering_hopf_link, layout_basic, minmay_misc_feat_secret_circle,
          hex_medium
D:2:      lemuel_upstairs_altar, layout_rooms
D:3:      minmay_goblin_kobold_castle, layout_basic, first_ration, uniq_natasha,
          uniq_terence
D:4:      layout_basic, nicolae_tso_besieged_by_evil, kennysheep_small_circle,
          uniq_edmund
D:5:      layout_basic, nicolae_overflow_crystal_walls, gup_sewer_entry_bowl,
          hangedman_minor_gate_pass
D:6:      layout_cave_pods, nicolae_overflow_hidden_temple,
          minmay_temple_entry_hall
D:7:      layout_layer_cave, kennysheep_little_box, gammafunk_ghost_split,
          serial_shops, shop_fountains, shop, shop
D:8:      layout_basic, makhleb_altar_promises_db, uniq_gastronok,
          uniq_prince_ribbit1
D:9:      layout_basic
D:10:     layout_irregular_city, basic_altar, serial_shops, shop_statue,
          the_bakery, minmay_crystal_water, uniq_snorg, uniq_erolcha
D:11:     layout_cave_pods, dpeg_oklobed_lair, erik_orc_4
D:12:     layout_gridville, kennysheep_another_room, sword_in_stone
Temple:   eino_temple_rhombus

Skill      XL: |  1  2  3  4  5  6  7  8  9 10 11 12 |
---------------+-------------------------------------+-----
Fighting       | 4 5 6 7 9 |  9.4
Armour         | 4 5 7 9 10 11 | 11.5
Shields        | 4 5 6 8 10 11 12 13 | 13.4
Long Blades    | 3 4 5 7 8 9 11 13 | 13.7
Dodging        | 1 2 3 4 5 |  5.0
Invocations    | 1 |  1.3
Stealth        | |  0.9
Evocations     | |  0.4

Action                   |  1- 3 |  4- 6 |  7- 9 | 10-12 || total
-------------------------+-------+-------+-------+-------++-------
Melee: Long sword        |    59 |   212 |   494 |   270 ||  1035
       Headbutt          |    10 |    30 |   119 |   137 ||   296
       Falchion          |       |       |       |   360 ||   360
       Double sword      |       |       |       |    43 ||    43
Invok: Heroism           |       |       |     2 |    11 ||    13
Evoke: Wand              |       |       |       |     4 ||     4
  Use: Scroll            |       |       |     9 |     9 ||    18
       Potion            |       |       |       |     5 ||     5
  Eat: Chunk             |       |     6 |    14 |    15 ||    35
       Ration            |       |       |     1 |     1 ||     2
Armor: Scale mail        |    29 |    16 |       |       ||    45
       Chain mail        |       |    97 |   258 |   281 ||   636
Dodge: Dodged            |    21 |    68 |   134 |   198 ||   421
Block: Shield            |    39 |   143 |   283 |   402 ||   867
       Rpst.: Long sword |     8 |    16 |    41 |    11 ||    76
       Falchion          |       |       |       |    26 ||    26
       Double sword      |       |       |       |     5 ||     5

Table legend:
 A = Non-vault XP
 B = Vault XP
 C = Vault XP percentage of total XP
 D = Non-vault monster count
 E = Vault monster count
 F = Vault count percentage of total count
                 A         B        C        D         E       F
            +---------+---------+-------+---------+---------+-------
      Total |   16839 |   11153 |  39.8 |     280 |     106 |  27.5
            +---------+---------+-------+---------+---------+-------
        D:1 |      20 |       0 |   0.0 |       9 |       0 |   0.0
        D:2 |      91 |       0 |   0.0 |      26 |       0 |   0.0
        D:3 |     129 |     371 |  74.2 |      24 |      57 |  70.4
        D:4 |     328 |     243 |  42.6 |      12 |       9 |  42.9
        D:5 |     914 |     112 |  10.9 |      24 |       7 |  22.6
        D:6 |    1114 |       0 |   0.0 |      32 |       0 |   0.0
        D:7 |    1006 |       0 |   0.0 |      21 |       0 |   0.0
        D:8 |    1801 |    2620 |  59.3 |      25 |       2 |   7.4
        D:9 |    2982 |       0 |   0.0 |      27 |       0 |   0.0
       D:10 |    1051 |    2452 |  70.0 |      21 |       3 |  12.5
       D:11 |    5393 |    2525 |  31.9 |      44 |      19 |  30.2
       D:12 |    2010 |    2711 |  57.4 |      15 |       3 |  16.7
      Sewer |       0 |     119 | 100.0 |       0 |       6 | 100.0
            +---------+---------+-------+---------+---------+-------
